 Dungeon Crawl Stone Soup version 0.27.0-1-g7a089689b8 (webtiles) character file.

Game seed: 10331768432311592651

1880 lnt the Covert (level 9, -42/64 HPs)
             Began as an Octopode Delver on Aug 2, 2021.
             Was a Believer of Dithmenos.
             Annihilated by a boulder beetle (53 damage)
             ... on level 6 of the Dungeon.
             The game lasted 00:48:25 (9284 turns).

lnt the Covert (Octopode Delver)                    Turns: 9284, Time: 00:48:26

Health: -42/64     AC:  1    Str: 11    XL:     9   Next: 14%
Magic:  9/9        EV: 21    Int: 14    God:    Dithmenos [**....]
Gold:   212        SH:  6    Dex: 21    Spells: 8/8 levels left

rFire    . . .     SeeInvis .   a - +0 trident
rCold    . . .     Faith    .   A - +0 buckler
rNeg     . . .     Spirit   .   (helmet restricted)
rPois    .         Reflect  .   (no amulet)
rElec    .         Harm     .   n - +6 ring of dexterity
rCorr    .         Rampage  .   h - +4 ring of evasion
Will     .....                  (no ring)
Stlth    +++++++...             (no ring)
HPRegen  0.20/turn              (no ring)
MPRegen  0.11/turn              (no ring)
                                (no ring)
                                (no ring)

@: hasted, wreathed by umbra, very quick
A: almost no armour, amphibious, 8 rings, camouflage 1, gelatinous body 1,
(nimble swimmer 1), tentacles
a: Renounce Religion, Shadow Step


You were on level 6 of the Dungeon.
You worshipped Dithmenos.
Dithmenos was pleased with you.
You visited 2 branches of the dungeon, and saw 7 of its levels.

You collected 317 gold pieces.
You spent 105 gold pieces at shops.

Inventory:

Hand Weapons
 a - a +0 trident (weapon)
 b - a +3 shortbow
 m - a +0 hunting sling
 z - a +0 spear
 D - a +0 vorpal hunting sling
Missiles
 d - a curare-tipped dart
 k - 117 stones
 v - 43 sling bullets
 x - 45 poisoned darts (quivered)
 E - 11 arrows
Armour
 A - a +0 buckler (worn)
Magical Staves
 j - a staff of air
 o - a staff of death
Jewellery
 h - a +4 ring of evasion (right tentacle)
 n - a +6 ring of dexterity (left tentacle)
 y - a ring of flight
Wands
 f - a wand of digging (8)
Scrolls
 c - a scroll of magic mapping
 q - 3 scrolls of fog
 t - 2 scrolls of summoning
 C - a scroll of torment {unknown}
Potions
 e - a potion of haste
 g - a potion of brilliance {unknown}
 i - 2 potions of curing {unknown}
 p - 2 potions of might
 r - a potion of cancellation {unknown}
 s - 2 potions of lignification {unknown}
 u - 2 potions of heal wounds {unknown}
 w - a potion of magic {unknown}
 B - 2 potions of mutation {unknown}


   Skills:
 - Level 7.4 Fighting
 * Level 4.7 Polearms
 + Level 2.7 Bows
 + Level 5.6 Dodging
 - Level 8.4 Stealth
 - Level 4.0 Shields


You had 8 spell levels left.
You didn't know any spells.
Your spell library contained the following spells:

 Spells                   Type           Power      Damage    Failure   Level
 Ozocubu's Armour         Ice            0%         N/A       65%         3
 Metabolic Englaciation   Hex/Ice        0%         N/A       100%        5
 Simulacrum               Ice/Necr       0%         N/A       100%        6


Dungeon Overview and Level Annotations

Branches:
Dungeon (6/15)             Temple (1/1) D:4

Altars:
Ashenzari
Cheibriados
Dithmenos
Fedhas
Gozag
Hepliaklqana
Kikubaaqudgha
Makhleb
Nemelex Xobeh
Okawaru
Ru
Trog
Vehumet
Yredelemnul
Beogh

Shops:
D:3 (   D:5 :[(**

Annotations:
D:5 3 runed translucent doors, exclusion: downstairs, BubbleThief's ghost, novice DsAK
D:6 exclusions: boulder beetle and 2 more exclusions


Innate Abilities, Weirdness & Mutations

You cannot wear most types of armour.
You are amphibious.
You can wear up to eight rings at the same time.
Your skin changes colour to match your surroundings (Stealth+).
Your rubbery body absorbs attacks. (AC +1, EV +1)
((You are camouflaged near water. (Stealth+)))
You have tentacles for arms and can constrict up to eight enemies at once.


Message History

You throw a poisoned dart.
The poisoned dart hits the boulder beetle.
The boulder beetle is poisoned.
Throw: 47 darts (poison)
Press: ? - help, Q - select action, (/) - cycle Shift-Dir - straight line, f/p - boulder beetle
Aim: a boulder beetle (lightly wounded, poisoned, umbra, 91% to hit)
You throw a poisoned dart.
The poisoned dart completely misses the boulder beetle.
The boulder beetle curls into a ball and begins rolling!
Throw: 46 darts (poison)
Press: ? - help, Q - select action, (/) - cycle Shift-Dir - straight line, f/p - boulder beetle
Aim: a boulder beetle (lightly wounded, rolling, poisoned, umbra, 91% to hit)
You throw a poisoned dart.
The poisoned dart hits the boulder beetle.
The boulder beetle is lightly wounded.
The boulder beetle hits you!!!
Ouch! That really hurt!
* * * LOW HITPOINT WARNING * * *
The boulder beetle stops rolling and uncurls.
The boulder beetle curls into a ball and begins rolling!
The boulder beetle looks more healthy.
You see here a scorpion corpse.
The boulder beetle misses you.
The boulder beetle stops rolling and uncurls.
There is an open door here.
There's a creature in the doorway!
Okay, then.
Press: ? - help, v - describe, . - travel
Here: a boulder beetle (lightly wounded, umbra)
An open door.
Press: ? - help, v - describe, . - travel
Here: a boulder beetle (lightly wounded, umbra)
An open door.
You feel yourself speed up.
The boulder beetle waves its antennae.
You block the boulder beetle's attack.
The boulder beetle curls into a ball and begins rolling!
The boulder beetle hits you!!!
Ouch! That really hurt!
You die...

....############ #.....)......
....##.........# #######'#####
....##.###...#.##### #.# #
...................# ##.#####
........#..........# #.......
...###).#..........# #...)...
...# #.)#..........# #.......
...###..##################.......
##............#.@B○°°°...........
###)............................
#.####.####...................
##.##.....##.............).....
#..#.......#...................
#..#.......#...................
#......_.....###########.......
##..#.......#.# ########
#...#.......#.#


You could see a boulder beetle (rolling).

Vanquished Creatures
  A kobold demonologist (D:6)
  A water moccasin (D:5)
  A black bear (D:5)
  2 ice beasts (D:6)
  An ogre (D:6)
  A centaur (D:6)
  A phantom (D:4)
  4 kobold brigands
  2 bullfrogs (D:6)
  4 scorpions
  A bullfrog zombie (D:6)
  A hound (D:3)
  A bullfrog skeleton (D:5)
  A scorpion zombie (D:5)
  An orc wizard (D:6)
  A hound zombie (D:5)
  10 adders
  A shadow imp (D:6)
  2 adder skeletons (D:4)
  3 dart slugs
  9 orcs
  4 ball pythons
  3 bats
  5 endoplasms (D:1)
  2 giant cockroaches
  7 hobgoblins
  16 jackals
  5 quokkas
  5 frilled lizards
  3 goblins
  4 kobolds
  8 rats
111 creatures vanquished.

Notes
Turn   | Place    | Note
-------+----------+-------------------------------------------
     0 | D:5      | lnt the Octopode Delver began the quest for the Orb.
     0 | D:5      | Reached XP level 1. HP: 16/16 MP: 1/1
    18 | D:5      | Found Geme's General Store.
    58 | D:5      | Found a runed translucent gate.
    88 | D:4      | Found a shadowy altar of Dithmenos.
    95 | D:4      | Became a worshipper of Dithmenos the Shadowed
   288 | D:3      | Reached XP level 2. HP: 12/21 MP: 2/2
   496 | D:3      | You fall into a shaft and drop 1 floor!
   579 | D:3      | Reached skill level 7 in Stealth
   669 | D:1      | Reached XP level 3. HP: 25/26 MP: 3/3
  1822 | D:2      | Found a faded altar of an unknown god.
  2281 | D:2      | Reached XP level 4. HP: 26/33 MP: 4/4
  2451 | D:2      | Reached * piety under Dithmenos
  3118 | D:3      | Reached XP level 5. HP: 36/37 MP: 5/5
  3261 | D:3      | Found Guvimu's Weapon Emporium.
  3641 | D:4      | Reached ** piety under Dithmenos
  3720 | D:4      | Noticed a phantom
  4114 | D:4      | Killed a phantom
  4115 | D:4      | Reached skill level 8 in Stealth
  4117 | D:4      | Reached XP level 6. HP: 32/44 MP: 6/6
  4248 | D:4      | Found a staircase to the Ecumenical Temple.
  4256 | Temple   | Entered the Ecumenical Temple
  5134 | D:5      | Noticed a water moccasin
  5199 | D:5      | Found Xurroito's Weapon Boutique.
  5207 | D:5      | Bought a +0 trident for 38 gold pieces
  5211 | D:5      | Found Efyz's Armour Emporium.
  5216 | D:5      | Bought a +0 buckler for 67 gold pieces
  5270 | D:5      | Found Agau's Book Shoppe.
  5325 | D:5      | Found a snail-covered altar of Cheibriados.
  5459 | D:5      | Reached skill level 5 in Fighting
  5459 | D:5      | Reached skill level 1 in Shields
  5468 | D:5      | Reached XP level 7. HP: 28/50 MP: 7/7
  5786 | D:5      | Found a runed translucent gate.
  5787 | D:5      | Found a runed translucent gate.
  5787 | D:5      | Noticed BubbleThief's ghost (novice DsAK)
  5847 | D:5      | Found Boigoz Dore's General Store.
  6047 | D:5      | Found a sacrificial altar of Ru.
  6736 | D:6      | Noticed a kobold demonologist
  6741 | D:6      | Noticed a kobold demonologist
  6946 | D:6      | Reached XP level 8. HP: 58/58 MP: 8/8
  7156 | D:6      | Found a basalt altar of Yredelemnul.
  7932 | D:6      | Noticed a boulder beetle
  8221 | D:6      | Reached skill level 1 in Bows
  8437 | D:6      | Reached skill level 5 in Dodging
  8694 | D:6      | Noticed a ynoxinul
  8717 | D:6      | Killed a kobold demonologist
  8718 | D:6      | Reached XP level 9. HP: 19/64 MP: 9/9
  9284 | D:6      | Annihilated by a boulder beetle

Illustrated notes

Levels and vault maps discovered:
D:1:      sevenhm_arrival_forest_fort_small_3, layout_loops_ring,
          chequers_serial_rivers_micro_d, chequers_serial_rivers_micro_e,
          minmay_liquid_box, grunt_decor_cap
D:2:      layout_basic, basic_ecumenical_altar
D:3:      layout_basic, serial_shops, shop_coins, minmay_cupped
D:4:      layout_basic, nicolae_dithmenos_the_darkroom,
          minmay_temple_entry_mist, minmay_misc_feat_pillars
D:5:      layout_loops_corners, kennysheep_slug_shrine,
          nicolae_ru_the_path_less_chosen, biasface_ghost_orc_armoury,
          serial_shops, shop, shop, shop, shop, shop, minmay_hedge_maze,
          kennysheep_generic_room_8
D:6:      layout_basic, old_standard_altar
Temple:   eino_wide_crystal_templ

Skill      XL: |  1  2  3  4  5  6  7  8 |
---------------+-------------------------+-----
Stealth        | 7 8 |  8.4
Dodging        | 3 4 5 |  5.6
Fighting       | 4 5 6 7 |  7.4
Shields        | 2 3 4 |  4.0
Bows           | 2 |  2.7
Polearms       | 4 |  4.7

Action                   |  1- 3 |  4- 6 |  7- 9 || total
-------------------------+-------+-------+-------++-------
Melee: Spear             |    86 |   105 |       ||   191
       Constrict         |    19 |    30 |    25 ||    74
       Tentacles         |    10 |    22 |    25 ||    57
       Trident           |       |    25 |   130 ||   155
 Fire: Hunting sling     |       |     2 |       ||     2
Throw: Stone             |    24 |    25 |    24 ||    73
       Dart              |       |       |    22 ||    22
  Use: Scroll            |       |     3 |     4 ||     7
       Potion            |       |     1 |     2 ||     3
 Stab: Sleeping          |     4 |    12 |     1 ||    17
Armor: Skin              |     3 |     4 |     4 ||    11
Dodge: Dodged            |    48 |    80 |   106 ||   234
Block: Buckler           |       |     6 |    30 ||    36
